 Dungeon Crawl Stone Soup version 0.30-a0-824-g6c64550be9 (webtiles) character file.

Game seed: 14757116028149275874

23 Darius099 the Chopper (level 2, -14/26 HPs)
             Began as a Minotaur Fighter on Feb 27, 2023.
             Engulfed by a cloud of flame (20 damage)
             ... on level 1 of the Dungeon.
             The game lasted 00:03:42 (441 turns).

Darius099 the Chopper (Minotaur Fighter)             Turns: 441, Time: 00:03:43

Health: -14/26     AC:  6    Str: 20    XL:     2   Next: 72%
Magic:  1/1        EV:  9    Int:  5    God:
Gold:   24         SH:  4    Dex:  9    Spells: 1/1 levels left

rFire   . . .      SeeInvis .    a - +0 war axe
rCold   . . .      Faith    .    c - +0 buckler
rNeg    . . .      Spirit   .    b - +0 scale mail
rPois   .          Reflect  .    (helmet restricted)
rElec   .          Harm     .    (no cloak)
rCorr   .          Rampage  .    (no gloves)
Will    .....                    (no boots) Stlth
                                 (no amulet)
HPRegen 0.24/turn                (no ring)
MPRegen 0.07/turn                (no ring)

@: no status effects
A: horns 2, retaliatory headbutt
a: no special abilities


You were on level 1 of the Dungeon.
You visited 1 branch of the dungeon, and saw 1 of its levels.

You collected 24 gold pieces.

Inventory:

Hand Weapons
 a - a +0 war axe (weapon)
Armour
 b - a +0 scale mail (worn)
 c - a +0 buckler (worn)
Scrolls
 f - 2 scrolls of vulnerability {unknown}
 g - a scroll of fear {unknown}
 i - a scroll of enchant weapon {unknown}
Potions
 d - 2 potions of might
 e - a potion of magic {unknown}
 h - a potion of curing {unknown}


   Skills:
 - Level 3.6 Fighting
 + Level 4.1 Axes
 - Level 3.6 Armour
 - Level 3.6 Shields


You had one spell level left.
You didn't know any spells.
Your spell library was empty.

Dungeon Overview and Level Annotations

Branches:
Dungeon (1/15)

Altars:

Shops:
D:1 [


Innate Abilities, Weirdness & Mutations

You have a pair of horns on your head.
You reflexively headbutt those who attack you in melee.


Message History

Found 16 gold pieces.
There is a stone staircase leading down here.
Found 6 gold pieces.
As you open the door, it creaks loudly!
There is an open door here.
Found a stone staircase leading down.
You now have 24 gold pieces (gained 9).
i - a scroll labelled JAEGGY GOUSI A dart slug comes into view.
The dart slug launches a dart at you. The slug dart misses you.
A dart slug is nearby!
The dart slug launches a dart at you. The slug dart misses you.
You barely miss the dart slug. The dart slug launches a dart at you.
The slug dart hits you.
You hit the dart slug.
The dart slug is heavily wounded.
The dart slug launches a dart at you. The slug dart hits you.
You slash the dart slug!
You kill the dart slug!
Your Axes skill increases to level 4!
f - 2 scrolls labelled HURASK CIECS (gained 1)
A goblin comes into view. It is wielding a +0 club.
The goblin shouts!
The goblin hits you but does no damage.
You slash the goblin!
You kill the goblin!
You see here a +0 club.
You see here a +0 club.
You see here a +0 club.
You see here a +0 club.
You are engulfed in blazing flames.
Ouch! That really hurt!
* * * LOW HITPOINT WARNING * * *
You are engulfed in blazing flames.
Ouch! That really hurt!
You die...

#.###..## #○§°#
.......# #.§.#
.......# #####...##
...........§..$.$.°§
#.....##...§§.....§
......# #.§.......
##....###### #...#
####.##.## #§§.#
.........# #○§@#
####.##.## #○°§#
#.##.######.).###
#..#.#..#.##....###
##...#..#...........
###..#..#.###...####
#...............#
...................^#
..........##.####.###


There were no monsters in sight!

Vanquished Creatures
  3 dart slugs (D:1)
  3 hobgoblins (D:1)
  4 jackals (D:1)
  A quokka (D:1)
  2 ball pythons (D:1)
  A bat (D:1)
  A goblin (D:1)
  A kobold (D:1)
16 creatures vanquished.

Notes
Turn   | Place    | Note
-------+----------+-------------------------------------------
     0 | D:1      | Darius099 the Minotaur Fighter began the quest for the Orb.
     0 | D:1      | Reached XP level 1. HP: 19/19 MP: 0/0
    51 | D:1      | Reached skill level 3 in Axes
   112 | D:1      | Reached XP level 2. HP: 26/26 MP: 1/1
   121 | D:1      | Found Wuinunau's Antique Armour Shoppe.
   419 | D:1      | Reached skill level 4 in Axes
   441 | D:1      | Engulfed by a cloud of flame

Illustrated notes

Levels and vault maps discovered:
D:1:      mushboom_english_gardens, layout_basic, serial_shops,
          nicolae_shop_overgrown_old_shop, lemuel_flame_loot_1

Skill      XL: |  1  2 |
---------------+-------+-----
Axes           | 3 4 |  4.1
Fighting       | |  3.6
Armour         | |  3.6
Shields        | |  3.6

Action                     || total
---------------------------++-------
  Melee: War axe           ||    29
         Headbutt          ||     2
 Armour: Scale mail        ||    10
  Dodge: Dodged            ||    24
  Block: Buckler           ||     1

Table legend: (Time is in decaauts)
 A = Elapsed time spent in this place.
 B = Non-inter-level travel time spent in this place.
 C = Inter-level travel time spent in this place.
 D = Time resting spent in this place.
 E = Time spent auto-exploring this place.
 F = Levels seen in this place.
 G = Mean time per level.
                   A        B        C        D        E       F      G
               +--------+--------+--------+--------+--------+-----+--------+
         Total |    452 |    452 |      0 |      0 |    175 |   1 |  452.0 |
       Dungeon |    452 |    452 |      0 |      0 |    175 |   1 |  452.0 |
               +--------+--------+--------+--------+--------+-----+--------+

Top non-repeatable levels by time:
     D:1: 452 daAuts
